 Dungeon Sprint DCSS version 0.31-a0-16-g6d2539766c (webtiles) character file.

Game seed: 13190052051047517840

116 sircluck the Firebug (level 4, -10/34 HPs)
             Began as a Demigod Fire Elementalist on May 8, 2023.
             Killed by divine providence
             ... invoked by an oklob sapling priest
              (13 damage)
             ... in the Dungeon (Sprint IV: "Fedhas' Mad Dash").
             The game lasted 00:02:14 (368 turns).

sircluck the Firebug (Demigod Fire Elementalist)     Turns: 368, Time: 00:02:15

Health: -10/34     AC: -2    Str:  9    XL:     4   Next: 42%
Magic:  7/13       EV: 13    Int: 21    God:
Gold:   53         SH:  0    Dex: 14    Spells: 10/11 levels left

rFire   . . .        (no weapon)
rCold   . . .        (no shield)
rNeg    . . .        a - +0 robe
rPois   .            (no helmet)
rElec   .            (no cloak)
rCorr   .            (no gloves)
SInv    .            (no boots)
Will    .....        d - amulet of invisibility {+Inv}
Stlth   ++           (no ring)
HPRegen 0.25/turn    (no ring)
MPRegen 0.13/turn

%: no teleportation
@: corroded
A: high MP 1, forlorn, divine attributes
a: Evoke Invisibility


You were in the Dungeon.
You visited 1 branch You collected 53 gold pieces.

Inventory:

Missiles
 f - 5 poisoned darts
Armour
 a - a +0 robe (worn)
Jewellery
 d - the amulet of invisibility (around neck) {+Inv}
   (You found it in the Dungeon)

   [amulet of nothing]

   +Inv:      It lets you turn invisible.
Scrolls
 c - a scroll of identify {unknown}
Potions
 b - 2 potions of magic
 e - a potion of haste


   Skills:
 + Level 0.7 Fighting
 + Level 3.2 Dodging
 + Level 2.9 Stealth
 + Level 0.7 Unarmed Combat
 + Level 4.2 Spellcasting
 + Level 2.6 Conjurations
 + Level 6.2 Fire Magic
 + Level 0.2 Evocations


You had 10 spell levels left.
You knew the following spells:

 Your Spells              Type           Power      Damage    Failure   Level
a - Foxfire               Conj/Fire      92%        2x1d8     1%          1

Your spell library contained the following spells:

 Spells                   Type           Power      Damage    Failure   Level
 Scorch                   Fire           60%        2d8       1%          2
 Inner Flame              Hex/Fire       17%        N/A       10%         3
 Volatile Blastmotes      Fire/Tloc      34%        2d12      10%         3
 Flame Wave               Conj/Fire      23%        2d8       19%         4
 Portal Projectile        Hex/Tloc       8%         N/A       34%         3
 Tukima's Dance           Hex            4%         N/A       34%         3
 Blade Hands              Tmut           2%         N/A       97%         5


Dungeon Overview and Level Annotations

Branches:
Dungeon (1/1)

Annotations:
D exclusion: oklob sapling


Innate Abilities, Weirdness & Mutations

You have an increased reservoir of magic. (+10% MP)
You shall have no god before yourself.
Your divine heritage dramatically boosts your attributes as you level up.


Message History

The oklob sapling priest invokes the aid of its god against you.
Something smites you!
Casting: Foxfire (safe; 1% risk of failure)
Confirm with . or Enter, or press ? or * to list all spells.
You conjure some foxfire!
The oklob sapling priest miscasts a cantrip.
Casting: Foxfire (safe; 1% risk of failure)
Confirm with . or Enter, or press ? or * to list all spells.
You conjure some foxfire!
The foxfire hits the oklob sapling priest but does no damage.
The oklob sapling priest is lightly damaged.
Your foxfire dissipates!
The foxfire hits the oklob sapling priest but does no damage.
The oklob sapling priest is lightly damaged.
Casting: Foxfire (safe; 1% risk of failure)
Confirm with . or Enter, or press ? or * to list all spells.
You conjure some foxfire!
The foxfire hits the oklob sapling priest but does no damage.
The oklob sapling priest is lightly damaged.
Your foxfire dissipates!
The oklob sapling priest mumbles some strange prayers to its god against you.
Something smites you!
Casting: Foxfire (safe; 1% risk of failure)
Confirm with . or Enter, or press ? or * to list all spells.
You conjure some foxfire!
The foxfire hits the oklob sapling priest!
The oklob sapling priest is heavily damaged.
Found three altars.
The foxfire hits the oklob sapling priest but does no damage.
The oklob sapling priest is heavily damaged.
The foxfire hits the oklob sapling priest but does no damage.
The oklob sapling priest is heavily damaged.
The oklob sapling priest spits acid at you.
The splash of acid hits you!
* * * LOW HITPOINT WARNING * * *
The acid corrodes you!
Your foxfire dissipates! x2
The oklob sapling priest calls down the wrath of its god upon you.
Something smites you!
You die...

#########################
<..P#.....#§§§§§#.⌠._._._
PP..†.....'.#§.§@.._._._.
PPP.#.....#.#.§§#..._._P_
##############'##.._._._.
+...#._._._._
#...######### #####


You could see an oklob sapling priest.

Vanquished Creatures
  A scorpion (D)
  2 oklob saplings (D)
  A river rat (D)
  A rat (D)
5 creatures vanquished.

Vanquished Creatures (collateral kills)
  4 foxfires (D)
4 creatures vanquished.

Vanquished Creatures (others)
  41 foxfires (D)
41 creatures vanquished.

Grand Total: 50 creatures vanquished

Notes
Turn   | Place    | Note
-------+----------+-------------------------------------------
     0 | D        | sircluck the Demigod Fire Elementalist began the quest for
                  | the Orb.
     0 | D        | Reached XP level 1. HP: 14/14 MP: 5/5
    36 | D        | Reached skill level 1 in Conjurations
    36 | D        | Reached skill level 3 in Fire Magic
    36 | D        | Reached XP level 2. HP: 7/20 MP: 4/8
    96 | D        | Noticed an oklob sapling
   104 | D        | Killed an oklob sapling
   105 | D        | Reached skill level 4 in Fire Magic
   105 | D        | Reached XP level 3. HP: 26/26 MP: 6/10
   110 | D        | Noticed a scorpion
   110 | D        | Found the amulet of invisibility {+Inv}
   118 | D        | HP: 1/26 [poisoned by a scorpion]
   125 | D        | Killed a scorpion
   126 | D        | Reached skill level 5 in Fire Magic
   126 | D        | Reached XP level 4. HP: 17/34 MP: 2/12
   253 | D        | Reached skill level 6 in Fire Magic
   368 | D        | Killed from afar by an oklob sapling priest

Illustrated notes

Levels and vault maps discovered:
D:        dungeon_sprint_fedhas [sprint_temple]

Skill      XL: |  1  2  3  4 |
---------------+-------------+-----
Dodging        | 2 3 |  3.2
Stealth        | 2 |  2.9
Spellcasting   | 2 3 4 |  4.2
Conjurations   | 1 2 |  2.6
Fire Magic     | 3 4 5 6 |  6.2
Fighting       | |  0.7
Unarmed Combat | |  0.7
Evocations     | |  0.2

Action                     |  1- 3 |  4- 6 || total
---------------------------+-------+-------++-------
  Melee: Unarmed           |    15 |     6 ||    21
   Cast: Foxfire           |    15 |    14 ||    29
Ability: Evoke Invisibilit |       |     1 ||     1
    Use: Potion            |     4 |       ||     4
         Scroll            |     1 |       ||     1
   Stab: Sleeping          |       |     1 ||     1
 Armour: Robe              |     3 |       ||     3
  Dodge: Dodged            |    23 |     2 ||    25

Table legend: (Time is in decaauts)
 A = Elapsed time spent in this place.
 B = Non-inter-level travel time spent in this place.
 C = Inter-level travel time spent in this place.
 D = Time resting spent in this place.
 E = Time spent auto-exploring this place.
 F = Levels seen in this place.
 G = Mean time per level.
                   A        B        C        D        E       F      G
               +--------+--------+--------+--------+--------+-----+--------+
         Total |    376 |    376 |      0 |    135 |    120 |   1 |  376.0 |
       Dungeon |    376 |    376 |      0 |    135 |    120 |   1 |  376.0 |
               +--------+--------+--------+--------+--------+-----+--------+

Top non-repeatable levels by time:
       D: 376 daAuts
